 Dungeon Crawl Stone Soup version 0.19.0-19-g8c6edcc (webtiles) character file.

392 Leszczynek the Skirmisher (level 7, -23/56 HPs)
             Began as a Formicid Conjurer on Nov 13, 2016.
             Annihilated by an ogre
             ... wielding a +0 giant spiked club
              (31 damage)
             ... on level 4 of the Dungeon.
             The game lasted 00:08:41 (3288 turns).

Leszczynek the Skirmisher (Formicid Conjurer)       Turns: 3288, Time: 00:08:42

Health: -23/56     AC:  8    Str: 14    XL:     7   Next: 8%
Magic:  10/10      EV: 11    Int: 15    God:
Gold:   229        SH:  0    Dex: 11    Spells: 2 memorised, 7 levels left

rFire  + . .     SeeInvis +     a - +2 short sword (venom)
rCold  . . .     Gourm    .     r - +0 ring mail
rNeg   . . .     Faith    .     (no shield)
rPois  .         Spirit   .     (helmet unavailable)
rElec  .         Reflect  .     (no cloak)
rCorr  .         Harm     .     s - +2 pair of gloves
MR     .....                    (no boots)
Stlth  +.........               (no amulet)
                                (no ring)
                                y - ring of protection from fire

@: no status effects
A: permanent stasis, dig shafts and tunnels, four strong arms, antennae 3
a: Dig, Shaft Self


You were on level 4 of the Dungeon.
You were not hungry.

You visited 1 branch of the dungeon, and saw 4 of its levels.

You collected 229 gold pieces.

Inventory:

Hand Weapons
 a - a +2 short sword of venom (weapon)
 n - a +0 blowgun
 u - a -3 war axe
Missiles
 c - 8 tomahawks (quivered)
 t - 4 poisoned needles
Armour
 r - a +0 ring mail (worn)
 s - a +2 pair of gloves (worn)
Jewellery
 y - a ring of protection from fire (left hand)
Scrolls
 e - 3 scrolls of remove curse
 h - a scroll of magic mapping {unknown}
 i - a scroll of random uselessness {unknown}
 m - 3 scrolls of identify
 p - a scroll of enchant weapon {unknown}
 w - a scroll of noise {unknown}
Potions
 j - a potion of agility
 l - a potion of cure mutation
 o - 2 potions of brilliance
 q - a potion of lignification {unknown}
 v - a potion of magic {unknown}
Comestibles
 d - 5 bread rations
 f - 2 meat rations


   Skills:
 - Level 5.3 Fighting
 + Level 4.1 Axes
 - Level 1.9 Dodging
 - Level 2.4 Stealth
 - Level 2.1 Spellcasting
 - Level 3.6 Conjurations


You had 7 spell levels left.
You knew the following spells:

 Your Spells              Type           Power        Failure   Level  Hunger
a - Magic Dart            Conj           ##..         12%         1    #......
b - Searing Ray           Conj           ##....       17%         2    ###....


Dungeon Overview and Level Annotations

Branches:
Dungeon (4/15)
 Temple: D:4-7

Altars:


Innate Abilities, Weirdness & Mutations

You are under a permanent stasis effect.
You can dig through walls and to a lower floor.
Your four strong arms can wield two-handed weapons with a shield.
You have a pair of large antennae on your head. (SInv)


Message History

Aim: an ogre, wielding a giant spiked club (moderately wounded)
You throw a tomahawk. The orc shouts!
The tomahawk hits the ogre.
The ogre is moderately wounded.
A worm and an orc priest come into view.
The orc priest shouts!
You hit the ogre.
The ogre is heavily wounded.
The ogre hits you with a giant spiked club!!
You barely miss the ogre.
The ogre is heavily wounded.
The orc priest looks braver for a moment.
The ogre hits you with a giant spiked club!!
* * * LOW HITPOINT WARNING * * *
An orc and a howler monkey come into view.
You see here a book of Conjurations.
The ogre hits you with a giant spiked club!!
Ouch! That really hurt!
You die...

##### ### ### .##.#
#####.###.#### .##.#
.............####### .##.#######
#................# ..........#.#
#......o.......### ............#
#....o...........#
.#..#.#####.####.O.###.##.##..#.
.#..#.# #.#.##@..# #.##:# ....#.#
#.#.##...# #.##.# ....#.#
#.#......###.##{o...# ......###
#.#.##..........{{{.... .#..#.#.#
#.#.##...###.#...{{{...
.#..#.#.###.#................(...
..........)...............###w(oo
.#......###................ ..(h
###.#..<...........###.#..# ..#


You could see an ogre, an orc priest and an orc.

Vanquished Creatures
  Menkaure (D:4)
  Blork the orc (D:4)
  4 orc priests
  An adder (D:3)
  An ooze (D:2)
  3 worms
  2 dart slugs
  8 orcs
  2 ball pythons
  3 bats
  4 goblins
  4 hobgoblins (D:2)
  3 jackals (D:2)
  8 kobolds
  A quokka (D:2)
  4 frilled lizards
  4 rats
54 creatures vanquished.

Notes
Turn   | Place    | Note
-------+----------+-------------------------------------------
     0 | D:1      | Leszczynek the Formicid Conjurer began the quest for the Orb.
     0 | D:1      | Reached XP level 1. HP: 13/13 MP: 3/3
   214 | D:1      | nice
   225 | D:1      | Reached skill level 1 in Fighting
   235 | D:1      | Reached XP level 2. HP: 18/21 MP: 1/5
   813 | D:2      | Reached skill level 2 in Fighting
   937 | D:2      | Learned a level 2 spell: Searing Ray
  1152 | D:2      | Reached XP level 3. HP: 28/28 MP: 6/6
  1180 | D:2      | Reached skill level 3 in Fighting
  1758 | D:3      | Reached XP level 4. HP: 37/37 MP: 7/7
  1785 | D:3      | Reached skill level 4 in Fighting
  1959 | D:3      | Reached XP level 5. HP: 12/43 MP: 8/8
  1965 | D:3      | Reached skill level 5 in Fighting
  2748 | D:4      | Noticed Menkaure
  2758 | D:4      | Killed Menkaure
  2758 | D:4      | Reached skill level 3 in Axes
  2758 | D:4      | Reached XP level 6. HP: 50/51 MP: 9/9
  2801 | D:4      | Noticed Blork the orc
  2812 | D:4      | Killed Blork the orc
  2985 | D:4      | Reached skill level 4 in Axes
  2985 | D:4      | Reached XP level 7. HP: 38/56 MP: 10/10
  3026 | D:4      | wew lad
  3223 | D:3      | well, too late, i already invested points in it
  3288 | D:4      | Annihilated by an ogre

Skill      XL: |  1  2  3  4  5  6 |
---------------+-------------------+-----
Fighting       | 1 2 3 4 5 |  5.3
Axes           | 3 4 |  4.1
Dodging        | |  1.9
Stealth        | |  2.4
Spellcasting   | |  2.1
Conjurations   | |  3.6

Action                   |  1- 3 |  4- 6 |  7- 9 || total
-------------------------+-------+-------+-------++-------
Melee: Short sword       |    53 |    69 |    10 ||   132
Throw: Tomahawk          |       |       |     4 ||     4
 Cast: Magic Dart        |    26 |       |       ||    26
  Use: Potion            |       |    10 |       ||    10
       Scroll            |       |       |     4 ||     4
 Stab: Sleeping          |     1 |       |       ||     1
  Eat: Chunk             |     3 |     4 |     1 ||     8
Armor: Ring mail         |    16 |    31 |     2 ||    49
Dodge: Dodged            |    36 |    62 |     2 ||   100
